 Dungeon Crawl Stone Soup version 0.21.1-1-g345015f (webtiles) character file.

3196 manyhoops the Cruncher (level 9, -1/74 HPs)
             Began as a Gnoll Wanderer on Apr 6, 2018.
             Slain by toffzen's ghost (23 damage)
             ... on level 7 of the Dungeon on Apr 11, 2018.
             The game lasted 00:10:36 (4842 turns).

manyhoops the Cruncher (Gnoll Wanderer)             Turns: 4842, Time: 00:10:37

Health: -1/74      AC: 18    Str: 23    XL:     9   Next: 96%
Magic:  16/16      EV: 13    Int: 14    God:
Gold:   98         SH:  0    Dex: 16    Spells: 17/17 levels left

rFire    + . .     SeeInvis .   y - +3 quarterstaff (chaos)
rCold    + . .     Gourm    .   (shield currently unavailable)
rNeg     . . .     Faith    .   a - +2 scale mail
rPois    .         Spirit   .   l - +1 helmet
rElec    .         Reflect  .   K - scarf {rC+ rF+}
rCorr    .         Harm     .   C - +1 pair of gloves {Str+3}
MR       .....                  (no boots)
Stlth    ++........             f - amulet of rage
HPRegen  0.22/turn              d - +3 ring of dexterity
MPRegen  0.15/turn              h - +4 ring of protection

@: berserk cooldown, slowed, very slow
A: distributed training, fangs 1, strong nose
a: Evoke Berserk Rage


You were on level 7 of the Dungeon.
You were not hungry.

You visited 1 branch of the dungeon, and saw 7 of its levels.

You collected 329 gold pieces.
You spent 231 gold pieces at shops.

Inventory:

Hand Weapons
 c - a +0 quarterstaff
 y - a +3 quarterstaff of chaos (weapon)
Armour
 a - a +2 scale mail (worn)
 l - a +1 helmet (worn)
 n - a cursed +0 buckler
 C - a +1 pair of gloves of strength (worn)
 K - a scarf of resistance (worn)
Jewellery
 d - a +3 ring of dexterity (left hand)
 e - an uncursed ring of see invisible
 f - an amulet of rage (around neck)
 g - an uncursed amulet of magic regeneration
 h - a +4 ring of protection (right hand)
 s - an uncursed ring of protection from magic
 E - a +4 ring of dexterity
Wands
 k - a wand of flame (33)
 J - a wand of acid (13)
Scrolls
 b - a scroll of fog
 i - 2 scrolls of enchant armour
 m - 3 scrolls of amnesia
 p - a scroll of teleportation
 r - 2 scrolls of fear
 t - a scroll of blinking
 D - a scroll of enchant weapon
 G - a scroll of remove curse
 H - a scroll of noise {unknown}
Potions
 j - 2 potions of degeneration
 o - a potion of haste {unknown}
 q - a potion of lignification
 u - a potion of resistance
 w - a potion of flight
 x - 2 potions of heal wounds
 A - a potion of agility
 I - a potion of invisibility {unknown}
Books
 B - a book of Misfortune

   Spells                             Type                      Level
   a - Confusing Touch                Hexes                        1
   b - Confuse                        Hexes                        3
   c - Gell's Gravitas                Translocation                3
   d - Petrify                        Transmutation/Earth          4
   e - Metabolic Englaciation         Hexes/Ice                    5
   f - Yara's Violent Unravelling     Hexes/Transmutation          5
 F - a book of Callings

   Spells                             Type                      Level
   a - Summon Small Mammal            Summoning                    1
   b - Call Imp                       Summoning                    2
   c - Call Canine Familiar           Summoning                    3
   d - Summon Guardian Golem          Hexes/Summoning              3
   e - Summon Lightning Spire         Summoning/Air                4
   f - Summon Ice Beast               Ice/Summoning                4
Comestibles
 v - 2 rations


   Skills:
 + Level 8.1 Fighting
 + Level 4.6 Short Blades
 + Level 4.6 Long Blades
 + Level 4.6 Axes
 + Level 4.6 Maces & Flails
 + Level 4.6 Polearms
 + Level 8.1 Staves
 + Level 4.6 Slings
 + Level 4.6 Bows
 + Level 4.6 Crossbows
 + Level 4.6 Throwing
 + Level 6.6 Armour
 + Level 4.6 Dodging
 + Level 5.3 Stealth
 + Level 4.6 Shields
 + Level 4.6 Unarmed Combat
 + Level 4.6 Spellcasting
 + Level 3.8 Conjurations
 + Level 3.8 Hexes
 + Level 3.8 Charms
 + Level 3.8 Summonings
 + Level 3.8 Necromancy
 + Level 3.8 Translocations
 + Level 3.8 Transmutations
 + Level 3.8 Fire Magic
 + Level 3.8 Ice Magic
 + Level 3.8 Air Magic
 + Level 3.8 Earth Magic
 + Level 3.8 Poison Magic
 + Level 5.1 Invocations
 + Level 5.4 Evocations


You had 17 spell levels left.
You didn't know any spells.

Dungeon Overview and Level Annotations

Branches:
Dungeon (7/15)             Temple (0/1) D:7

Altars:
Kikubaaqudgha
Okawaru

Shops:
D:4 *

Annotations:
D:7 toffzen's ghost, novice TrTm


Innate Abilities, Weirdness & Mutations

Your experience applies equally to all skills.
You have very sharp teeth.
Your uncanny sense of smell can sniff out nearby items.


Message History

You hit toffzen's ghost but do no damage.
You bite toffzen's ghost.
Toffzen's ghost is lightly damaged.
Toffzen's ghost hits you but does no damage.
Toffzen's ghost shrieks, "They lied to you.
The Dungeon just goes down and down forever."
Toffzen's ghost hits you!
Okay, then.
Toffzen's ghost barely misses you. Toffzen's ghost hits you.
Toffzen's ghost hits you but does no damage.
Toffzen's ghost closely misses you. Toffzen's ghost misses you.
Toffzen's ghost hits you!
* * * LOW HITPOINT WARNING * * *
Toffzen's ghost hits you.
* * * LOW HITPOINT WARNING * * *
Toffzen's ghost hits you but does no damage.
Toffzen's ghost barely misses you. Toffzen's ghost hits you!!
You die...

..........#..#####
#####.#..........#
# #.#..........#
#####............#
....##...........#
###..##..........#
##.##........).#
#.##..........#
#..#....[...W@###
##.#............##
#.#..........#..#
#.....#.#.......#
#.#####.#.#...#.#
###.##.......#.#..#
#.............>...#
#............#.#..#
#...........#...#.#


You could see toffzen's ghost.

Vanquished Creatures
  A centaur skeleton (D:7)
  Sigmund (D:5)
  A fire bat (D:6)
  The ghost of Flooderbenga the Grave Robber, an amateur GnNe (D:6)
  Edmund (D:5)
  A black bear (D:6)
  2 centaurs (D:5)
  2 phantoms
  A bullfrog (shapeshifter) (D:6)
  A bullfrog (D:6)
  A water moccasin skeleton (D:5)
  2 scorpions
  8 wights
  3 crimson imps (D:6)
  9 orc priests
  2 jellies
  Crazy Yiuf (D:4)
  Terence (D:3)
  3 iguanas
  11 orc wizards
  7 worker ants
  9 adders
  8 gnolls
  An ooze (D:3)
  2 worms
  3 leopard geckos (D:2)
  34 orcs
  2 ball pythons
  A giant cockroach (D:1)
  9 goblins
  5 hobgoblins
  12 jackals
  2 quokkas (D:2)
  A ball python skeleton (D:4)
  A bat (D:3)
  2 frilled lizards
  A giant cockroach zombie (D:6)
  8 kobolds
  A leopard gecko skeleton (D:5)
  A leopard gecko zombie (D:5)
  6 rats
169 creatures vanquished.

Vanquished Creatures (others)
  A wight (D:5)
  An orc wizard (D:4)
2 creatures vanquished.

Grand Total: 171 creatures vanquished

Notes
Turn   | Place    | Note
-------+----------+-------------------------------------------
     0 | D:1      | manyhoops the Gnoll Wanderer began the quest for the Orb.
     0 | D:1      | manyhoops set off with: a +2 scale mail, a +0 spear, a +0 quarterstaff, a ration
     0 | D:1      | Reached XP level 1. HP: 23/23 MP: 2/2
   213 | D:1      | Reached XP level 2. HP: 19/29 MP: 3/3
   725 | D:2      | Reached XP level 3. HP: 30/35 MP: 4/4
   730 | D:2      | Reached skill level 1 in Invocations
   738 | D:2      | Reached skill level 1 in Short Blades
   738 | D:2      | Reached skill level 1 in Long Blades
   738 | D:2      | Reached skill level 1 in Axes
   738 | D:2      | Reached skill level 1 in Maces & Flails
   738 | D:2      | Reached skill level 1 in Polearms
   738 | D:2      | Reached skill level 1 in Slings
   738 | D:2      | Reached skill level 1 in Bows
   738 | D:2      | Reached skill level 1 in Crossbows
   738 | D:2      | Reached skill level 1 in Throwing
   738 | D:2      | Reached skill level 1 in Dodging
   738 | D:2      | Reached skill level 1 in Shields
   738 | D:2      | Reached skill level 1 in Unarmed Combat
   738 | D:2      | Reached skill level 1 in Spellcasting
   738 | D:2      | Reached XP level 4. HP: 29/41 MP: 4/6
  1113 | D:2      | Found an ancient bone altar of Kikubaaqudgha.
  1173 | D:2      | Reached skill level 1 in Conjurations
  1173 | D:2      | Reached skill level 1 in Hexes
  1173 | D:2      | Reached skill level 1 in Charms
  1173 | D:2      | Reached skill level 1 in Summonings
  1173 | D:2      | Reached skill level 1 in Necromancy
  1173 | D:2      | Reached skill level 1 in Translocations
  1173 | D:2      | Reached skill level 1 in Transmutations
  1173 | D:2      | Reached skill level 1 in Fire Magic
  1173 | D:2      | Reached skill level 1 in Ice Magic
  1173 | D:2      | Reached skill level 1 in Air Magic
  1173 | D:2      | Reached skill level 1 in Earth Magic
  1173 | D:2      | Reached skill level 1 in Poison Magic
  1472 | D:3      | Noticed Terence
  1486 | D:3      | Killed Terence
  1486 | D:3      | Reached XP level 5. HP: 47/47 MP: 7/7
  1522 | D:3      | Reached XP level 6. HP: 44/53 MP: 8/8
  2085 | D:3      | Reached skill level 5 in Armour
  2183 | D:4      | Noticed a phantom
  2229 | D:4      | Killed a phantom
  2229 | D:4      | Reached XP level 7. HP: 57/59 MP: 10/10
  2267 | D:5      | Entered Level 5 of the Dungeon
  2548 | D:4      | Found Yjucog's General Store.
  2597 | D:4      | Found a runed door.
  2957 | D:4      | Noticed Crazy Yiuf
  2961 | D:4      | Killed Crazy Yiuf
  2961 | D:4      | Reached XP level 8. HP: 67/67 MP: 12/12
  3130 | D:5      | Noticed Sigmund
  3138 | D:5      | Killed Sigmund
  3233 | D:5      | Noticed Edmund
  3246 | D:5      | Killed Edmund
  3317 | D:4      | Bought a +1 pair of gloves of strength for 231 gold pieces
  3416 | D:5      | Reached XP level 9. HP: 48/72 MP: 14/14
  4023 | D:6      | Noticed Flooderbenga's ghost (amateur GnNe)
  4029 | D:6      | Killed Flooderbenga's ghost
  4113 | D:6      | Reached skill level 5 in Evocations
  4237 | D:6      | Reached skill level 5 in Stealth
  4385 | D:7      | Found a staircase to the Ecumenical Temple.
  4463 | D:7      | Reached skill level 5 in Invocations
  4788 | D:7      | Found an iron altar of Okawaru.
  4814 | D:7      | Noticed toffzen's ghost (novice TrTm)
  4842 | D:7      | Slain by toffzen's ghost

Skill      XL: |  1  2  3  4  5  6  7  8  9 |
---------------+----------------------------+-----
Invocations    | 1 2 3 4 5 |  5.1
Short Blades   | 1 2 3 4 |  4.6
Long Blades    | 1 2 3 4 |  4.6
Axes           | 1 2 3 4 |  4.6
Maces & Flails | 1 2 3 4 |  4.6
Polearms       | 1 2 3 4 |  4.6
Slings         | 1 2 3 4 |  4.6
Bows           | 1 2 3 4 |  4.6
Crossbows      | 1 2 3 4 |  4.6
Throwing       | 1 2 3 4 |  4.6
Dodging        | 1 2 3 4 |  4.6
Shields        | 1 2 3 4 |  4.6
Unarmed Combat | 1 2 3 4 |  4.6
Spellcasting   | 1 2 3 4 |  4.6
Conjurations   | 1 2 3 |  3.8
Hexes          | 1 2 3 |  3.8
Charms         | 1 2 3 |  3.8
Summonings     | 1 2 3 |  3.8
Necromancy     | 1 2 3 |  3.8
Translocations | 1 2 3 |  3.8
Transmutations | 1 2 3 |  3.8
Fire Magic     | 1 2 3 |  3.8
Ice Magic      | 1 2 3 |  3.8
Air Magic      | 1 2 3 |  3.8
Earth Magic    | 1 2 3 |  3.8
Poison Magic   | 1 2 3 |  3.8
Evocations     | 3 4 5 |  5.4
Stealth        | 3 4 5 |  5.3
Armour         | 5 6 |  6.6
Fighting       | 7 8 |  8.1
Staves         | 7 8 |  8.1

Action                   |  1- 3 |  4- 6 |  7- 9 || total
-------------------------+-------+-------+-------++-------
Melee: Quarterstaff      |    86 |   139 |   310 ||   535
       Bite              |     7 |    14 |    55 ||    76
 Abil: Evoke Berserk Rag |       |     2 |    10 ||    12
  Use: Scroll            |     3 |     1 |     6 ||    10
       Potion            |       |     1 |     5 ||     6
 Stab: Distracted        |       |       |     1 ||     1
       Paralysed         |       |       |     1 ||     1
       Sleeping          |       |       |     1 ||     1
  Eat: Chunk             |       |     3 |    12 ||    15
       Ration            |       |     1 |     2 ||     3
Armor: Scale mail        |    40 |    81 |   148 ||   269
Dodge: Dodged            |    33 |    62 |   190 ||   285
